cohdb
Replays
Latest Replays
All Replays
Popular Replays
Top Player Replays
Match Explorer
How It Works
Community
CoH3 Stats
Reddit
Sign in to upload your games and track your stats! →
Sign in with Steam
Match 40807388
Unlisted
Match 40807388
Overview
Messages
Build Orders
End
Construct Infanterie Kompanie
Selects Italian Coastal Battlegroup
Selects Coastal Reserves
MG 42 Machine Gun Team
GrW 34 Mortar Team
MG 42 Machine Gun Team
GrW 34 Mortar Team
Medical Bunker
Construct Panzergrenadier Kompanie
Selects Designate Defensive Line
Designate Defensive Line
Pak 40 Anti-tank Gun Team
Support Elements
Nebelwerfer 42 Rocket Launcher Team
Pak 40 Anti-tank Gun Team
Selects Designated Artillery Overwatch
Nebelwerfer 42 Rocket Launcher Team
Selects Artillery Officer
Medical Bunker
Construct Panzer Kompanie
Sturmpanzer IV Brummbär
Pioneer Squad
251 Medium Carrier
Selects Obice da 210/22 Artillery Emplacement
Sturmpanzer IV Brummbär
Pioneer Squad
FatalRektal
Insurmountable Odds
nre_nuker
icecaKe
ZmiO
ToXa
Common folk
General Winter
0
0
Comments
sign in to comment!
No comments posted yet!